 Dungeon Crawl Stone Soup version 0.29-a0-409-gd843f3a48c (webtiles) character file.

Game seed: 13899904100063820008

24 SkeletonJelly the Slasher (level 2, -1/27 HPs)
             Began as a Draconian Monk on May 14, 2022.
             Slain by a rat (3 damage)
             ... on level 2 of the Dungeon.
             The game lasted 00:01:01 (912 turns).

SkeletonJelly the Slasher (Draconian Monk)           Turns: 912, Time: 00:01:02

Health: -1/27      AC:  4    Str: 13    XL:     2   Next: 79%
Magic:  2/2        EV: 12    Int: 10    God:
Gold:   33         SH:  0    Dex: 13    Spells: 1/1 levels left

rFire   . . .      SeeInvis .   a - +0 falchion
rCold   . . .      Faith    .   (no shield)
rNeg    . . .      Spirit   .   (body armour unavailable)
rPois   .          Reflect  .   (helmet restricted)
rElec   .          Harm     .   (no cloak)
rCorr   .          Rampage  .   (no gloves)
Will    .....                   (no boots)
Stlth   ++........              (no amulet)
HPRegen 0.09/turn               (no ring)
MPRegen 0.08/turn               (no ring)

@: no status effects
A: AC +4, unfitting armour, cold-blooded
a: no special abilities


You were on level 2 of the Dungeon.
You visited 1 branch of the dungeon, and saw 2 of its levels.

You collected 33 gold pieces.

Inventory:

Hand Weapons
 a - a +0 falchion (weapon)
Missiles
 j - 4 poisoned darts (quivered)
Wands
 l - a wand of flame (24)
Scrolls
 c - a scroll of amnesia {unknown}
 f - 2 scrolls of identify {unknown}
 i - a scroll of enchant weapon {unknown}
 k - a scroll of fog {unknown}
Potions
 b - a potion of ambrosia
 d - a potion of degeneration {unknown}
 e - a potion of haste {unknown}
 g - a potion of lignification {unknown}
 h - a potion of mutation {unknown}


   Skills:
 + Level 3.7 Fighting
 * Level 3.8 Long Blades
 - Level 2.6 Dodging
 - Level 1.7 Stealth


You had one spell level left.
You didn't know any spells.
Your spell library contained the following spells:

 Spells                   Type           Power      Damage    Failure   Level
 Magic Dart               Conj           0%         1d3       36%         1
 Call Imp                 Summ           0%         N/A       50%         2
 Mephitic Cloud           Conj/Pois/Air  0%         N/A       75%         3
 Stone Arrow              Conj/Erth      0%         3d7       75%         3
 Lehudib's Crystal Spear  Conj/Erth      0%         10d2      100%        8
 Animate Armour           Summ/Erth      Unusable   N/A       N/A         4

Dungeon Overview and Level Annotations

Branches:
Dungeon (2/15)

Altars:


Innate Abilities, Weirdness & Mutations

Your plain brown scales are hard. (AC +4)
You cannot fit into any form of body armour.
You are cold-blooded and may be slowed by cold attacks.


Message History

You take 1 damage, and have 18/27 hp.
You closely miss the ball python. The ball python completely misses you.
The ball python constricts you. The ball python closely misses you.
The ball python constricts you.
You closely miss the ball python. The ball python barely misses you.
The ball python constricts you.
You hit the ball python but do no damage.
Your tail-slap misses the ball python.
The ball python barely misses you. The ball python constricts you.
You take 1 damage, and have 17/27 hp.
You slash the ball python!
You kill the ball python!
No target in view!
No target in view!
No target in view!
No target in view!
No target in view!
Key pressed, stopping explore.
Key pressed, stopping explore.
HP restored.
Things that are here:
a ball python corpse; a giant cockroach corpse Health restored: 27 You pick up a book of Minor Magic and begin reading...
You add the spells Magic Dart, Call Imp and Mephitic Cloud to your library.
k - a scroll labelled SEOLEC GAASEABU You see here a jackal corpse.
There is a stone staircase leading down here.
You now have 33 gold pieces (gained 7).
Key pressed, stopping explore.
l - a wand of flame (24)
Found a mace.
No target in view!
No target in view!
A kobold comes into view. It is wielding a +0 whip.
A kobold is nearby!
A kobold is nearby!
A kobold is nearby!
A worm comes into view.
The kobold shouts!
A quokka comes into view.
A rat comes into view.
The quokka moves out of view.
You hit the kobold but do no damage. You tail-slap the kobold.
The kobold is severely wounded.
The kobold hits you with a +0 whip.
You take 1 damage, and have 26/27 hp.
You hit the kobold.
You kill the kobold!
The quokka bites you but does no damage.
You barely miss the quokka.
Your tail-slap misses the quokka.
The quokka bites you.
You take 3 damage, and have 23/27 hp.
You hit the worm.
The worm is lightly wounded.
The quokka bites you but does no damage.
You hit the worm but do no damage.
You tail-slap the worm, but do no damage.
The worm is lightly wounded.
The quokka closely misses you. The worm bites you! The quokka misses you.
You take 7 damage, and have 16/27 hp.
MASSIVE DAMAGE!!
You hit the worm.
The worm is moderately wounded.
The rat misses you. The quokka bites you.
You take 2 damage, and have 14/27 hp.
You barely miss the worm.
The worm is moderately wounded.
The rat misses you. The quokka closely misses you.
The worm bites you but does no damage. The rat barely misses you.
You hit the worm.
The worm is moderately wounded.
The quokka bites you. The worm closely misses you. The rat closely misses you.
The quokka bites you but does no damage.
You take 2 damage, and have 12/27 hp.
You closely miss the quokka. The quokka bites you. The rat closely misses you.
You take 1 damage, and have 11/27 hp.
You hit the quokka but do no damage. The quokka bites you.
* * * LOW HITPOINT WARNING * * *
The worm bites you but does no damage. The rat bites you but does no damage.
You take 3 damage, and have 8/27 hp.
You closely miss the quokka.
The quokka bites you but does no damage.
The rat bites you.
* * * LOW HITPOINT WARNING * * *
The worm barely misses you.
The quokka bites you but does no damage.
You take 1 damage, and have 7/27 hp.
You hit the quokka.
The quokka is almost dead.
The rat bites you but does no damage. The quokka closely misses you.
The worm bites you.
* * * LOW HITPOINT WARNING * * *
You take 6 damage, and have 1/27 hp.
MASSIVE DAMAGE!!
You hit the quokka.
You kill the quokka!
The rat bites you but does no damage.
You see here a quokka corpse.
The rat attacks as you move away! The rat bites you but does no damage.
The rat attacks as you move away! The rat bites you but does no damage.
The rat attacks as you move away! The rat bites you.
You die...

.). ... ### ..#
#..###?# # #
#..#..##.# ...
#.###....... #.#
###...##..#### #.#
#....).w.r@..# #.#
#.##.###..##.#######
#.# #
#....#......###.#
#...##.#.........#
#................#
.....#....###.###.#
#...###.### #.# #.#
#.#..#..# #.# #.#
#.#.#.#.# #.# #.#


You could see a worm and a rat.

Vanquished Creatures
  A dart slug (D:1)
  A ball python (D:2)
  A bat (D:1)
  3 endoplasms
  A giant cockroach (D:2)
  2 goblins
  A hobgoblin (D:1)
  3 jackals (D:2)
  A kobold (D:2)
  A quokka (D:2)
  A frilled lizard (D:1)
  2 rats (D:1)
18 creatures vanquished.

Notes
Turn   | Place    | Note
-------+----------+-------------------------------------------
     0 | D:1      | SkeletonJelly the Draconian Monk began the quest for the
                  | Orb.
     0 | D:1      | Reached XP level 1. HP: 19/19 MP: 1/1
   282 | D:1      | Reached XP level 2. HP: 23/26 MP: 2/2
   906 | D:2      | HP: 1/27 [worm (6)]
   912 | D:2      | Slain by a rat

Illustrated notes

Levels and vault maps discovered:
D:1:      dpeg_arrival_tiny_j, layout_basic, chequers_garden, hex_tiny,
          eino_curves_02
D:2:      layout_loops_ring

Action                   || total
-------------------------++-------
Melee: Falchion          ||    62
       Tailslap          ||     6
 Stab: Sleeping          ||     2
Armor: Skin              ||    29
Dodge: Dodged            ||    31

Table legend: (Time is in decaauts)
 A = Elapsed time spent in this place.
 B = Non-inter-level travel time spent in this place.
 C = Inter-level travel time spent in this place.
 D = Time resting spent in this place.
 E = Time spent auto-exploring this place.
 F = Levels seen in this place.
 G = Mean time per level.
                   A        B        C        D        E       F      G
               +--------+--------+--------+--------+--------+-----+--------+
         Total |    923 |    918 |      5 |      0 |    757 |   2 |  461.5 |
       Dungeon |    923 |    918 |      5 |      0 |    757 |   2 |  461.5 |
               +--------+--------+--------+--------+--------+-----+--------+

Top non-repeatable levels by time:
     D:1: 628 daAuts
     D:2: 295 daAuts
